 Dungeon Crawl Stone Soup version 0.28.0-49-g6dfe1f597d (webtiles) character file.

Game seed: 6603623564907532026

4 pkoi the Chiller (level 1, 0/14 HPs)
             Began as a Demigod Ice Elementalist on May 12, 2022.
             Frozen to death by an endoplasm (4 damage)
             ... on level 1 of the Dungeon.
             The game lasted 00:00:21 (230 turns).

pkoi the Chiller (Demigod Ice Elementalist)          Turns: 230, Time: 00:00:21

Health: 0/14       AC:  3    Str:  9    XL:     1   Next: 46%
Magic:  3/5        EV: 12    Int: 17    God:
Gold:   0          SH:  0    Dex: 14    Spells: 2/3 levels left

rFire   . . .      SeeInvis .   d - +0 short sword
rCold   . . .      Faith    .   (no shield)
rNeg    . . .      Spirit   .   a - +1 robe
rPois   .          Reflect  .   (no helmet)
rElec   .          Harm     .   (no cloak)
rCorr   .          Rampage  .   (no gloves)
Will    .....                   (no boots)
Stlth   ++........              (no amulet)
HPRegen 0.04/turn               (no ring)
MPRegen 0.09/turn               (no ring)

@: mighty, brilliant
A: high MP 1, forlorn, divine attributes
a: no special abilities


You were on level 1 of the Dungeon.
You visited 1 branch of the dungeon, and saw 1 of its levels.

Inventory:

Hand Weapons
 d - a +0 short sword (weapon)
Armour
 a - a +1 robe (worn)


   Skills:
 - Level 1.7 Dodging
 - Level 1.7 Stealth
 - Level 1.7 Spellcasting
 + Level 3.9 Ice Magic


You had 2 spell levels left.
You knew the following spells:

 Your Spells              Type           Power      Damage    Failure   Level
a - Freeze                Ice            88%        1d10      4%          1

Your spell library contained the following spells:

 Spells                   Type           Power      Damage    Failure   Level
 Frozen Ramparts          Ice            44%        1d6       12%         3
 Ozocubu's Armour         Ice            22%        N/A       12%         3
 Hailstorm                Conj/Ice       12%        3d5       65%         4


Dungeon Overview and Level Annotations

Branches:
Dungeon (1/15)


Innate Abilities, Weirdness & Mutations

You have an increased reservoir of magic. (+10% MP)
You shall have no god before yourself.
Your divine heritage dramatically boosts your attributes as you level up.


Message History

It was a potion of brilliance.
You feel clever all of a sudden.
Sorry, you're not good enough to have a special ability.
It was a potion of might.
You feel very mighty all of a sudden.
The frilled lizard hisses angrily.
An endoplasm comes into view.
A gnoll comes into view. It is wielding a +0 spear.
The frilled lizard bites you but does no damage.
You miss the frilled lizard.
The gnoll shouts!
You hear a bark!
The frilled lizard bites you but does no damage.
You hear a bark!
You closely miss the frilled lizard.
The frilled lizard bites you but does no damage.
You puncture the frilled lizard!
You kill the frilled lizard!
The gnoll hits you from afar with a +0 spear.
* * * LOW HITPOINT WARNING * * *
The endoplasm hits you.
* * * LOW HITPOINT WARNING * * *
You are too injured to fight recklessly!
Unknown command.
The gnoll hits you with a +0 spear.
* * * LOW HITPOINT WARNING * * *
Aiming: Freeze (safe; 4% risk of failure)
Press: ? - help, Q - select action Shift-Dir - straight line, f - gnoll
Aim: a gnoll, wielding a +0 spear You feel a surge of power!
You freeze the gnoll.
The gnoll is lightly wounded.
The gnoll barely misses you. The endoplasm misses you.
Aiming: Freeze (safe; 4% risk of failure)
Press: ? - help, Q - select action Shift-Dir - straight line, f/p - gnoll
Aim: a gnoll, wielding a +0 spear (lightly wounded)
You feel a surge of power!
You freeze the gnoll!
The gnoll is heavily wounded.
The gnoll closely misses you. The endoplasm freezes you.
You are frozen.
You die...

.# .. ##
##.# ... .
...# ....
#.#..##..
.#.....
....#
#g..#
#@J.#
#...#
#...#
##..# #..#
#.# #..#
#.#
...####..#
#.#
.........#
#.#
...#####.#
#.#


You could see a gnoll and an endoplasm.

Vanquished Creatures
  2 bats (D:1)
  A frilled lizard (D:1)
  2 kobolds (D:1)
5 creatures vanquished.

Notes
Turn   | Place    | Note
-------+----------+-------------------------------------------
     0 | D:1      | pkoi the Demigod Ice Elementalist began the quest for the
                  | Orb.
     0 | D:1      | Reached XP level 1. HP: 14/14 MP: 5/5
   230 | D:1      | Frozen to death by an endoplasm

Illustrated notes

Levels and vault maps discovered:
D:1:      lightli_arrival_maybe_door_vault, layout_loops_ring,
          basic_ecumenical_altar

Action                   || total
-------------------------++-------
Melee: Short sword       ||     4
       Unarmed           ||     1
 Cast: Freeze            ||     6
  Use: Potion            ||     2
       Scroll            ||     1
Armor: Robe              ||     4
Dodge: Dodged            ||     5
